 Dungeon Crawl Stone Soup version 0.31-a0-149-g3fdcc5976a (webtiles) character file.

Game seed: 15576237485291235558

618 qw the Skirmisher (level 7, -9/60 HPs)
             Began as a Minotaur Hunter on June 7, 2023.
             Mangled by Duvessa
             ... wielding a +0 short sword
              (10 damage)
             ... on level 5 of the Dungeon.
             The game lasted 00:01:11 (3344 turns).

qw the Skirmisher (Minotaur Hunter)                 Turns: 3344, Time: 00:01:11

Health: -9/60      AC:  6    Str: 15    XL:     7   Next: 21%
Magic:  6/6        EV: 12    Int:  6    God:
Gold:   1312       SH:  0    Dex: 22    Spells: 6/6 levels left

rFire   . . .        Y - +0 shortbow
rCold   . . .        (shield currently unavailable)
rNeg    . . .        o - +0 ring mail
rPois   +            (helmet restricted)
rElec   .            l - +0 cloak
rCorr   .            (no gloves)
SInv    .            (no boots)
Will    .....        (no amulet)
Stlth   +            n - ring of the Rabble {Wiz Fly Dex+6}
HPRegen 0.30/turn    b - ring of poison resistance
MPRegen 0.10/turn

%: wizardry (x1)
@: about to teleport, flying
A: horns 2, retaliatory headbutt
a: no special abilities


You were on level 5 of the Dungeon.
You visited 2 branches of the dungeon, and saw 6 of its levels.

You collected 1312 gold pieces.


Innate Abilities, Weirdness & Mutations

You have a pair of horns on your head.
You reflexively headbutt those who attack you in melee.


   Skills:
 + Level 4.5 Fighting
 - Level 8.3 Ranged Weapons
 - Level 1.7 Armour
 - Level 3.4 Dodging
 - Level 0.7 Stealth


You had 6 spell levels left.
You didn't know any spells.
Your spell library was empty.

Inventory:

Hand Weapons
 Y - a +0 shortbow (weapon)
Armour
 l - a +0 cloak (worn)
 o - a +0 ring mail (worn)
Jewellery
 b - a ring of poison resistance (right hand)
 i - a ring of positive energy
 n - the ring of the Rabble (left hand) {Wiz Fly Dex+6}
   (You found it on level 3 of the Dungeon)

   [ring of wizardry]

   It improves your spell success rate.
   Dex:       It affects your dexterity (+6).
   Fly:       It grants you flight.
Wands
 k - a wand of digging (3)
Scrolls
 e - a scroll of teleportation
 j - a scroll of identify
Potions
 a - a potion of curing
 c - a potion of attraction {unknown}
 d - a potion of might
 f - a potion of brilliance {unknown}
 g - a potion of degeneration {unknown}
 h - 2 potions of mutation {unknown}
 m - a potion of heal wounds {unknown}

Dungeon Overview and Level Annotations

Branches:
Dungeon (5/15)             Temple (1/1) D:4

Altars:
Dithmenos
Fedhas
Kikubaaqudgha
Makhleb
Nemelex Xobeh
Qazlal
Trog
Uskayaw
Wu Jian
Xom
The Shining One

Annotations:
D:5 Duvessa


Message History

You shoot an arrow. The arrow completely misses Dowan.
The iguana barely misses you. Duvessa hits you with a +0 short sword.
Dowan hits you with a +2 dagger of freezing.
Dowan freezes you.
You shoot an arrow. The arrow hits Dowan.
Dowan is heavily wounded.
The iguana bites you. Dowan hits you but does no damage.
Duvessa hits you with a +0 short sword.
You shoot an arrow. The arrow hits Dowan.
Dowan is severely wounded.
Dowan hits you with a +2 dagger of freezing.
Dowan freezes you. Duvessa closely misses you. The iguana closely misses you.
The iguana bites you. Dowan casts a spell at you. The puff of frost misses you.
Duvessa closely misses you.
You shoot an arrow. The arrow hits Dowan.
Dowan is almost dead.
The iguana barely misses you. Duvessa hits you but does no damage.
Dowan hits you with a +2 dagger of freezing.
Dowan freezes you.
You shoot an arrow. The arrow hits Dowan.
Dowan is almost dead.
Duvessa misses you. You furiously retaliate!
You headbutt Duvessa, but do no damage. The iguana bites you.
Dowan completely misses you.
3342 ||| READING 2 scrolls of teleportation.
As you read the scroll of teleportation, it crumbles to dust.
You feel strangely unstable. The iguana barely misses you.
You furiously retaliate!
You headbutt the iguana! Duvessa hits you with a +0 short sword.
Dowan hits you but does no damage.
You shoot an arrow. The arrow hits Dowan.
You kill Dowan!
Duvessa screams, "No!
How DARE you!"
Duvessa goes berserk!
Duvessa hits you with a +0 short sword. The iguana barely misses you.
You shoot an arrow.
The arrow hits the iguana but does no damage.
The iguana is severely wounded.
Duvessa closely misses you. Duvessa hits you with a +0 short sword!
You die...

....:.. #######
.......########.....####
#........##............#
#?.......##............#
.......................#
.......................+
#.....el.##............#
#/....)@.#####'###..)...
#........#####...#.#####
####...............##...
#............(#.##.#.
#.............#.# #.
#.............#.. .##
#....................
#..................##
+...............#...


You could see Duvessa (berserk) and an iguana.

Vanquished Creatures
  A black bear (D:5)
  An ogre (D:4)
  2 scorpions (D:5)
  Dowan (D:5)
  A hound (D:4)
  2 orc priests (D:3)
  Jessica (D:2)
  An orc wizard (D:3)
  7 adders
  A shadow imp (D:5)
  2 worms
  4 orcs
  6 bats
  5 endoplasms
  5 giant cockroaches
  6 goblins
  4 hobgoblins (D:4)
  2 jackals (D:1)
  3 quokkas
  8 ball pythons
  A frilled lizard (D:1)
  A kobold (D:4)
  3 rats
68 creatures vanquished.

Notes
Turn   | Place    | Note
-------+----------+-------------------------------------------
     0 | D:1      | qw the Minotaur Hunter began the quest for the Orb.
     0 | D:1      | Reached XP level 1. HP: 18/18 MP: 0/0
     0 | D:1      | 0 ||| qw: Version: 0.2-a-117-gc6b5c8b
     0 | D:1      | 0 ||| qw: Game counter: 2576
     0 | D:1      | 0 ||| qw: Always use a shield: true
     0 | D:1      | 0 ||| qw: God list: Okawaru
     0 | D:1      | 0 ||| qw: Allow faded altars: false
     0 | D:1      | 0 ||| qw: Do Orc after D:15 true
     0 | D:1      | 0 ||| qw: Do second Lair branch before Depths: true
     0 | D:1      | 0 ||| qw: Lair rune preference: random
     0 | D:1      | 0 ||| qw: Plans: Normal
     0 | D:1      | 0 ||| PLANNING D:1-11
   186 | D:1      | Reached XP level 2. HP: 25/25 MP: 1/1
   244 | D:1      | Reached skill level 5 in Ranged Weapons
   251 | D:1      | Found a faded altar of an unknown god.
   697 | D:1      | 697 ||| UPGRADING to ring of poison resistance.
   698 | D:1      | 698 ||| READING scroll labelled HATYFUHEXI.
   703 | D:1      | 703 ||| READING scroll labelled IGOOCITT VIBROYWKO.
   704 | D:1      | 704 ||| DROPPING scroll of butterflies.
   854 | D:2      | Reached skill level 3 in Fighting
  1037 | D:2      | Noticed Jessica
  1045 | D:2      | Killed Jessica
  1046 | D:2      | Reached XP level 3. HP: 31/31 MP: 2/2
  1301 | D:2      | 1301 ||| UPGRADING to ring of positive energy.
  1302 | D:2      | 1302 ||| READING scroll labelled GOBUTO HEIFI.
  1303 | D:2      | 1303 ||| READING scroll labelled NERGHIE TENO.
  1303 | D:2      | Identified a scroll of acquirement
  1303 | D:2      | 1303 ||| ACQUIRING 1060 gold pieces
  1303 | D:2      | Acquired 1060 gold pieces
  1305 | D:2      | 1305 ||| READING scroll labelled KUOLEI ACLOHES.
  1468 | D:3      | Reached XP level 4. HP: 38/38 MP: 3/3
  1519 | D:3      | Reached skill level 6 in Ranged Weapons
  1648 | D:3      | Identified the ring of the Rabble {Wiz Fly Dex+6}
  1734 | D:3      | 1734 ||| Stepping ~*~*~tactically~*~*~ (outnumbered).
  1746 | D:3      | Reached XP level 5. HP: 18/46 MP: 4/4
  1908 | D:3      | 1908 ||| UPGRADING to +0 cloak.
  1913 | D:3      | 1913 ||| UPGRADING to +0 ring mail.
  1923 | D:3      | 1923 ||| DROPPING +0 leather armour.
  1924 | D:3      | 1924 ||| UPGRADING to ring of the Rabble {Wiz Fly Dex+6}.
  1926 | D:3      | 1926 ||| UPGRADING to ring of poison resistance.
  1928 | D:3      | 1928 ||| READING scroll labelled CIYFFE KAOKUK.
  1929 | D:3      | 1929 ||| READING scroll labelled PYKHEI AGOCSEWY.
  1930 | D:3      | 1930 ||| READING 4 scrolls of identify.
  1930 | D:3      | 1930 ||| IDENTIFYING puce potion
  1931 | D:3      | 1931 ||| READING 3 scrolls of identify.
  1931 | D:3      | 1931 ||| IDENTIFYING black potion
  1932 | D:3      | 1932 ||| READING 2 scrolls of identify.
  1932 | D:3      | 1932 ||| IDENTIFYING bubbling golden potion
  1933 | D:3      | 1933 ||| DROPPING potion of invisibility.
  1974 | D:4      | Reached skill level 1 in Armour
  2151 | D:4      | Found a staircase to the Ecumenical Temple.
  2152 | D:4      | 2152 ||| PLANNING TEMPLE
  2152 | D:4      | 2152 ||| READING scroll labelled WANYRGH EM WIPE.
  2153 | D:4      | 2153 ||| READING scroll labelled NOUSAOTSUXOU.
  2154 | D:4      | 2154 ||| READING scroll labelled ZAHUMELUYJU.
  2243 | Temple   | Entered the Ecumenical Temple
  2412 | Temple   | 2412 ||| PLANNING D:1-11
  2545 | D:4      | Reached skill level 7 in Ranged Weapons
  2680 | D:4      | Noticed an ogre
  2686 | D:4      | Killed an ogre
  2687 | D:4      | Reached skill level 3 in Dodging
  2687 | D:4      | Reached XP level 6. HP: 52/52 MP: 5/5
  2992 | D:5      | Entered Level 5 of the Dungeon
  3185 | D:5      | Reached skill level 8 in Ranged Weapons
  3185 | D:5      | Reached XP level 7. HP: 22/59 MP: 6/6
  3328 | D:5      | Noticed Duvessa
  3328 | D:5      | Noticed Dowan
  3341 | D:5      | HP: 10/59 [iguana (5)]
  3342 | D:5      | 3342 ||| READING 2 scrolls of teleportation.
  3343 | D:5      | Killed Dowan
  3343 | D:5      | HP: 1/59 [Duvessa/+0 short sword (4)]
  3344 | D:5      | Mangled by Duvessa

Levels and vault maps discovered:
D:1:      grunt_arrival_crossed_arrows, layout_basic,
          shapermc_ecumenical_altar_pompeii
D:2:      layout_rooms, uniq_jessica
D:3:      layout_rooms, chequers_serial_rivers_marsh, serial_park_tiny_2
D:4:      layout_basic, minmay_temple_entry_statues_pillars, bh_walls_and_bars
D:5:      cheibrodos_two_vegetables, layout_basic, uniq_duvessa,
          uniq_crazy_yiuf_cottage
Temple:   bh_familiar_temple

Skill      XL: |  1  2  3  4  5  6 |
---------------+-------------------+-----
Ranged Weapons | 5 6 7 8 |  8.3
Fighting       | 3 4 |  4.5
Armour         | 1 |  1.7
Dodging        | 3 |  3.4
Stealth        | |  0.7

Action                     |  1- 3 |  4- 6 |  7- 9 || total
---------------------------+-------+-------+-------++-------
   Fire: Shortbow          |    89 |   133 |    15 ||   237
    Use: Scroll            |     5 |     8 |     1 ||    14
 Armour: Leather armour    |    11 |     2 |       ||    13
         Ring mail         |       |    19 |     3 ||    22
  Dodge: Dodged            |    28 |    34 |    13 ||    75

Table legend:
 A = Non-vault XP
 B = Vault XP
 C = Vault XP percentage of total XP
 D = Non-vault monster count
 E = Vault monster count
 F = Vault count percentage of total count
                 A         B        C        D         E       F
            +---------+---------+-------+---------+---------+-------
      Total |     774 |     109 |  12.3 |      66 |       2 |   2.9
            +---------+---------+-------+---------+---------+-------
        D:1 |      26 |       0 |   0.0 |      15 |       0 |   0.0
        D:2 |      13 |      37 |  74.0 |       8 |       1 |  11.1
        D:3 |     178 |       0 |   0.0 |      15 |       0 |   0.0
        D:4 |     255 |       0 |   0.0 |      24 |       0 |   0.0
        D:5 |     302 |      72 |  19.3 |       4 |       1 |  20.0
            +---------+---------+-------+---------+---------+-------
